 Dungeon Crawl Stone Soup version 0.26-a0-651-gb41185065b (webtiles) character file.

Game seed: 10365047531505466927

9816 Flugslaktarn the Cleaver (level 11, -6/106 HPs)
             Began as a Deep Dwarf Fighter on Oct 6, 2020.
             Was a High Priest of Makhleb.
             Mangled by an ogre
             ... wielding a +0 giant club
              (14 damage)
             ... on level 11 of the Dungeon.
             The game lasted 00:04:28 (6259 turns).

Flugslaktarn the Cleaver (Deep Dwarf Fighter)       Turns: 6259, Time: 00:04:28

Health: -6/106     AC: 15    Str: 22    XL:     11   Next: 28%
Magic:  3/3        EV:  5    Int: 10    God:    Makhleb [*****.]
Gold:   582        SH: 10    Dex: 12    Spells: 10/10 levels left

rFire    . . .     SeeInvis .   b - +3 war axe
rCold    . . .     Faith    +   c - +0 kite shield
rNeg     . . .     Spirit   .   j - +0 plate armour
rPois    .         Reflect  .   (no helmet)
rElec    +         Harm     .   (no cloak)
rCorr    .         Rampage  .   (no gloves)
MR       +....     Rnd*Rage +   q - +1 pair of boots
Stlth    ..........             g - amulet of faith
HPRegen  0.00/turn              (no ring)
MPRegen  0.08/turn              (no ring)

@: non-regenerating, heavily drained
A: damage resistance, heal wounds, talons 1, berserk 1, low mp 1, sense
surroundings 2, electricity resistance, no regeneration
a: Heal Wounds, Minor Destruction, Lesser Servant of Makhleb, Major Destruction,
Greater Servant of Makhleb, Renounce Religion


You were on level 11 of the Dungeon.
You worshipped Makhleb.
Makhleb was extremely pleased with you.
You visited 2 branches of the dungeon, and saw 12 of its levels.

You collected 582 gold pieces.

Inventory:

Hand Weapons
 b - a +3 war axe (weapon)
   (You took it off a wight on level 10 of the Dungeon)
Missiles
 e - a throwing net (quivered)
Armour
 c - a +0 kite shield (worn)
 j - a +0 plate armour (worn)
   (You took it off an orc warrior on level 8 of the Dungeon)
 q - a +1 pair of boots (worn)
   (You found it on level 5 of the Dungeon)
Jewellery
 g - an amulet of faith (around neck)
   (You took it off an orc on level 7 of the Dungeon)
 n - a +6 ring of dexterity {unknown}
   (You found it on level 11 of the Dungeon)
Wands
 a - a wand of paralysis (7)
   (You took it off an orc warrior on level 10 of the Dungeon)
 o - a wand of acid (10)
   (You found it on level 11 of the Dungeon)
 p - a wand of digging (7)
   (You found it on level 4 of the Dungeon)
Scrolls
 i - a scroll of enchant armour
 k - a scroll of magic mapping
 l - a scroll of enchant weapon
 r - 6 scrolls of identify
 t - 6 scrolls of teleportation
 w - a scroll of immolation
 x - 5 scrolls of remove curse
Potions
 d - a potion of might
 f - 3 potions of lignification
 h - a potion of haste
 m - 4 potions of flight
 s - 4 potions of invisibility
 u - 2 potions of magic


   Skills:
 * Level 9.1(7.5) Fighting
 * Level 10.4(8.7) Axes
 + Level 7.8(6.2) Armour
 + Level 7.8(6.3) Shields
 + Level 7.0(5.5) Invocations
 + Level 6.8(5.3) Evocations


You had 10 spell levels left.
You didn't know any spells.
Your spell library was empty.

Dungeon Overview and Level Annotations

Branches:
Dungeon (11/15)            Temple (1/1) D:5            Lair (0/6) D:8
    Orc: D:9-12

Altars:
Ashenzari
Cheibriados
Dithmenos
Elyvilon
Fedhas
Gozag
Hepliaklqana
Kikubaaqudgha
Makhleb
Nemelex Xobeh
Okawaru
Qazlal
Ru
Sif Muna
Trog
Uskayaw
Wu Jian
Xom
Yredelemnul
Zin
The Shining One

Shops:
D:5 ?

Annotations:
D:4 2 transporters, PanSaczeczos's ghost, amateur DrTm
D:8 exclusion: ice statue


Innate Abilities, Weirdness & Mutations

You are resistant to damage.
You can heal yourself by infusing magical energy.
You passively map the area around you.
You do not regenerate.
You have sharp toenails.
You tend to lose your temper in combat.
Your magical capacity is low. (-10% MP)
You are resistant to electric shocks. (rElec)


Message History

You are too injured to fight recklessly!
You are too injured to fight recklessly!
You are too injured to fight recklessly!
You are too injured to fight recklessly!
You are too injured to fight recklessly!
You are too injured to fight recklessly!
There is an open door here.
The slime creature hits you.
* * * LOW HITPOINT WARNING * * *
An ogre comes into view. It is wielding a +0 giant club.
The ogre shouts!
The ogre moves out of view.
The ogre hits you with a +0 giant club!!
* * * LOW HITPOINT WARNING * * *
The slime creature jiggles.
You are no longer corroded.
You fail to use your ability.
The slime creature hits you but does no damage.
The ogre hits you with a +0 giant club!
You die...

* #### ### #* ####..##
#.##
.####......#####@.##
..#.#.##..###.#JO..###
..........#.#........#
.#...............#..##
..##......##...######
..........#....##...###
..#..........#.#......#
..#.....#.............#
.....#..#.............#


You could see a slime creature and an ogre.

Vanquished Creatures
  A two-headed ogre (D:9)
  An unseen horror (D:10)
  Joseph (D:8)
  2 centaur zombies (D:10)
  4 hippogriffs
  Sigmund (D:6)
  A shadow (D:10)
  2 wyverns (D:10)
  4 orc warriors
  3 ice beasts
  4 sky beasts
  An eye of draining (D:7)
  2 black bears
  4 necrophages (D:10)
  A crocodile (D:10)
  6 ogres
  3 centaurs
  A big kobold (D:10)
  6 bullfrogs
  A wyvern skeleton (D:11)
  6 scorpions
  16 wights
  5 howler monkeys
  A bullfrog skeleton (D:5)
  A bullfrog zombie (D:10)
  5 jellies
  8 orc priests
  7 hounds
  8 orc wizards
  2 centaur skeletons
  3 iguanas
  7 worker ants
  A hound zombie (D:8)
  A hound skeleton (D:8)
  2 mummies (D:10)
  A howler monkey zombie (D:9)
  A howler monkey skeleton (D:10)
  10 adders
  3 gnolls (D:3)
  4 shadow imps
  4 white imps
  2 ufetubi
  5 oozes (D:11)
  An adder skeleton (D:5)
  7 leopard geckos
  36 orcs
  3 bats
  A giant cockroach (D:4)
  3 goblins
  A hobgoblin (D:2)
  4 jackals
  6 quokkas
  5 ball pythons
  A giant cockroach zombie (D:6)
  8 kobolds
  A leopard gecko skeleton (D:4)
  A leopard gecko zombie (D:8)
  4 rats
234 creatures vanquished.

Vanquished Creatures (collateral kills)
  A hydra (D:11)
  A centaur (D:11)
  A centaur zombie (D:11)
  An orc (D:9)
4 creatures vanquished.

Vanquished Creatures (others)
  9 withered plants
9 creatures vanquished.

Grand Total: 247 creatures vanquished

Notes
Turn   | Place    | Note
-------+----------+-------------------------------------------
     0 | D:1      | Flugslaktarn the Deep Dwarf Fighter began the quest for the
                  | Orb.
     0 | D:1      | Reached XP level 1. HP: 20/20 MP: 1/1
    80 | D:2      | Reached XP level 2. HP: 21/27 MP: 2/2
   310 | D:3      | Reached skill level 3 in Axes
   310 | D:3      | Reached XP level 3. HP: 19/34 MP: 2/2
   325 | D:3      | Reached XP level 4. HP: 36/42 MP: 2/2
   368 | D:3      | Reached XP level 5. HP: 44/50 MP: 3/3
   423 | D:3      | Reached skill level 4 in Axes
   509 | D:4      | Reached XP level 6. HP: 53/57 MP: 3/3
   908 | D:4      | Found a transporter.
   920 | D:4      | Noticed PanSaczeczos's ghost (amateur DrTm)
   930 | D:4      | Found a transporter.
  1263 | D:5      | Entered Level 5 of the Dungeon
  1274 | D:5      | Reached skill level 5 in Axes
  1291 | D:5      | Noticed a sky beast
  1312 | D:5      | Killed a sky beast
  1312 | D:5      | Reached XP level 7. HP: 44/66 MP: 2/2
  1370 | D:5      | You fall into a shaft and drop 1 floor!
  1375 | D:6      | Reached skill level 5 in Fighting
  1413 | D:5      | Found a staircase to the Ecumenical Temple.
  1441 | D:5      | Reached skill level 5 in Armour
  1441 | D:5      | Reached skill level 5 in Shields
  1456 | Temple   | Entered the Ecumenical Temple
  1652 | Temple   | Became a worshipper of Makhleb the Destroyer
  1886 | D:5      | Found a broken altar of Ashenzari.
  2018 | D:5      | Reached skill level 6 in Axes
  2018 | D:5      | Reached skill level 1 in Invocations
  2023 | D:5      | Reached skill level 1 in Evocations
  2064 | D:5      | Found Usoul's Magic Scroll Shop.
  2271 | D:6      | Found a glowing silver altar of Zin.
  2291 | D:6      | Reached XP level 8. HP: 26/75 MP: 0/2
  2350 | D:6      | Noticed Sigmund
  2366 | D:6      | Killed Sigmund
  2542 | D:6      | HP: 3/76 [shadow imp/nerve-wracking pain (11)]
  2689 | D:7      | Found a white marble altar of Elyvilon.
  2689 | D:7      | Found a snail-covered altar of Cheibriados.
  2717 | D:7      | Reached * piety under Makhleb
  2728 | D:7      | Noticed a hippogriff
  2741 | D:7      | Reached skill level 7 in Axes
  2761 | D:7      | Killed a hippogriff
  2761 | D:7      | Gained mutation: You passively map the area around you.
                  | [Deep Dwarf growth]
  2761 | D:7      | Reached XP level 9. HP: 53/85 MP: 3/3
  2963 | D:7      | Found an ancient bone altar of Kikubaaqudgha.
  3493 | D:8      | Reached skill level 8 in Axes
  3532 | D:8      | Found a staircase to the Lair.
  3542 | D:8      | Reached ** piety under Makhleb
  3727 | D:8      | Noticed Joseph
  3753 | D:8      | Killed Joseph
  3795 | D:8      | Reached skill level 5 in Invocations
  4155 | D:8      | Noticed an ice statue
  4274 | D:9      | Reached skill level 5 in Evocations
  4274 | D:9      | Reached XP level 10. HP: 48/96 MP: 5/5
  4287 | D:9      | Noticed a two-headed ogre
  4311 | D:9      | Killed a two-headed ogre
  4311 | D:9      | Reached skill level 9 in Axes
  4353 | D:9      | Reached *** piety under Makhleb
  4557 | D:9      | Found a shimmering blue altar of Sif Muna.
  4590 | D:9      | Gained mutation: You are resistant to electric shocks.
                  | (rElec) [potion of mutation]
  4590 | D:9      | Gained mutation: Your magical capacity is low. (-10% MP)
                  | [potion of mutation]
  4590 | D:9      | Gained mutation: You tend to lose your temper in combat.
                  | [potion of mutation]
  4590 | D:9      | Gained mutation: You have sharp toenails. [potion of
                  | mutation]
  5008 | D:10     | Entered Level 10 of the Dungeon
  5121 | D:10     | Killed an unseen horror
  5357 | D:10     | Reached skill level 10 in Axes
  5407 | D:10     | Reached XP level 11. HP: 68/103 MP: 4/4
  5412 | D:10     | Reached **** piety under Makhleb
  5965 | D:11     | Noticed a five-headed hydra
  5981 | D:11     | Killed a seven-headed hydra
  6197 | D:11     | Reached ***** piety under Makhleb
  6259 | D:11     | Mangled by an ogre

Illustrated notes

Levels and vault maps discovered:
D:1:      minmay_arrival_semitransparent, layout_basic
D:2:      layout_loops_cross
D:3:      layout_basic, vehumet_crystals, nicolae_gozag_seed_capital
D:4:      layout_basic, gammafunk_ghost_smash
D:5:      layout_basic, nicolae_overflow_crystal_walls,
          minmay_temple_entry_antechambers, serial_shops, shop,
          corexii_hall_statues_i
D:6:      layout_rooms, zin_scriptorium, uniq_sigmund
D:7:      layout_loops_ring, kiku_gazebo_garden_becter,
          chequers_temple_overflow_statue_of_worship
D:8:      lemuel_ice_statue, layout_loops_ring, lair_entry_dummy, uniq_joseph
D:9:      layout_irregular_city, led_sif_pool
D:10:     layout_cave_pods, serial_undead, serial_undead_b, serial_undead_b,
          serial_undead_d, serial_undead_e, serial_undead_e, serial_undead_a,
          serial_undead_f, serial_undead_b, amethyst_killhole
D:11:     layout_cave_pools, hangedman_little_slice_of_home
Temple:   regret_index_temple_generic_petals

Skill      XL: |  1  2  3  4  5  6  7  8  9 10 11 |
---------------+----------------------------------+-----
Fighting       | 3 4 5 6 7 8 9 |  9.1
Axes           | 3 4 5 6 7 8 10 | 10.4
Shields        | 4 5 6 7 |  7.8
Armour         | 4 5 6 7 |  7.8
Invocations    | 1 3 5 6 7 |  7.0
Evocations     | 1 3 5 6 |  6.8

Action                   |  1- 3 |  4- 6 |  7- 9 | 10-12 || total
-------------------------+-------+-------+-------+-------++-------
Melee: War axe           |    50 |   144 |   416 |   391 ||  1001
Invok: Lesser Servant of |       |       |       |     2 ||     2
 Abil: Heal Wounds       |     2 |     4 |    14 |     7 ||    27
  Use: Scroll            |     1 |     1 |    15 |     3 ||    20
       Potion            |       |       |       |     1 ||     1
Armor: Scale mail        |    20 |    41 |       |       ||    61
       Chain mail        |       |    16 |   154 |       ||   170
       Plate armour      |       |       |    64 |   219 ||   283
Dodge: Dodged            |    21 |    35 |    91 |    59 ||   206
Block: Kite shield       |    22 |    80 |   235 |   203 ||   540

Table legend: (Time is in decaauts)
 A = Elapsed time spent in this place.
 B = Non-inter-level travel time spent in this place.
 C = Inter-level travel time spent in this place.
 D = Time resting spent in this place.
 E = Time spent auto-exploring this place.
 F = Levels seen in this place.
 G = Mean time per level.
                   A        B        C        D        E       F      G
               +--------+--------+--------+--------+--------+-----+--------+
         Total |   6501 |   6221 |    280 |     69 |   4195 |  12 |  541.8 |
       Dungeon |   6278 |   6036 |    242 |     69 |   4012 |  11 |  570.7 |
        Temple |    222 |    185 |     37 |      0 |    183 |   1 |  222.0 |
               +--------+--------+--------+--------+--------+-----+--------+

Top non-repeatable levels by time:
    D:10: 1001 daAuts
     D:4: 842 daAuts
     D:8: 837 daAuts
     D:5: 784 daAuts
     D:9: 777 daAuts
     D:7: 761 daAuts
     D:6: 464 daAuts
    D:11: 324 daAuts
     D:3: 238 daAuts
  Temple: 222 daAuts
     D:2: 183 daAuts
     D:1: 64 daAuts
